[Event "Lilla Elite Hotels Open 2019"]
[Site "Vaxjo"]
[Date "2019.02.10"]
[Round "7.1"]
[White "Wennerlund, Elias"]
[Black "Nabbing, Oscar"]
[Result "1/2-1/2"]
[ECO "C11"]
[WhiteElo "1494"]
[BlackElo "1456"]
[Annotator "NA"]
[PlyCount "132"]
[EventDate "2019.02.08"]
[EventType "swiss"]
[EventCountry "SWE"]
[SourceTitle "playchess.com"]
[Source "ChessBase"]
[SourceQuality "1"]
[TimeControl "5400+30"]

1. e4 e6 2. Nf3 d5 3. Nc3 Nf6 4. e5 Nfd7 5. d4 c5 6. dxc5 Nxc5 7. Bf4 a6 8. Qd2 Nc6 9. O-O-O b5 10. h4 b4 11. Ne2 a5 12. Ned4 Nxd4 13. Nxd4 Qc7 14. g4 Bd7 15. Kb1 Qb6 16. f3 Na4 17. Ka1 Rc8 18. Rb1 Bc5 19. Be3 Rb8 20. Rh2 Qc7 21. Nb3 Bb6 22. Bxb6 Qxb6 23. Qg5 Rg8 24. Bd3 h6 25. Qf4 Nc5 26. Nxc5 Qxc5 27. g5 hxg5 28. hxg5 Qe7 29. Rbh1 Bc6 30. Rh7 a4 31. Rxg7 Rxg7 32. Rh8+ Kd7 33. Rxb8 Qxg5 34. Qxg5 Rxg5 35. a3 bxa3 36. f4 axb2+ 37. Kxb2 Rh5 38. Rb4 Rh4 39. Ka3 Ke7 40. Rb6 Kd7 41. Rb4 Kc7 42. Kb2 Kd7 43. Ka3 Ke7 44. Rb6 Bd7 45. Rb7 Kd8 46. Rb8+ Kc7 47. Rb4 Rh6 48. Rb1 f6 49. Re1 f5 50. Rb1 Rh2 51. Rb4 Rf2 52. Kb2 Rg2 53. Ka3 Rg4 54. Kb2 Rg8 55. Ka3 Rb8 56. Rxb8 Kxb8 57. c4 dxc4 58. Bxc4 Kb7 59. Kb4 Kb6 60. Ba2 a3 61. Bc4 Bc8 62. Ba2 Kc6 63. Bc4 Kb6 64. Ba2 Bd7 65. Bc4 Kc7 66. Ba2 Kb6 1/2-1/2

[Event "Lilla Elite Hotels Open 2019"]
[Site "Vaxjo"]
[Date "2019.02.10"]
[Round "7.2"]
[White "Petersson, David"]
[Black "Seo, Jung Hyun"]
[Result "1-0"]
[ECO "A45"]
[WhiteElo "1465"]
[BlackElo "1534"]
[Annotator "NA"]
[PlyCount "161"]
[EventDate "2019.02.08"]
[EventType "swiss"]
[EventCountry "SWE"]
[SourceTitle "playchess.com"]
[Source "ChessBase"]
[SourceQuality "1"]
[TimeControl "5400+30"]

1. d4 Nf6 2. Bf4 d6 3. Nc3 g6 4. e4 Bg7 5. Qd2 Nbd7 6. O-O-O c6 7. Nf3 O-O 8. h4 b5 9. e5 b4 10. exf6 bxc3 11. Qxc3 Nxf6 12. Qxc6 Bf5 13. Bd3 Nh5 14. Bg5 h6 15. Bxf5 hxg5 16. Be4 Rc8 17. Qa4 g4 18. Ng5 d5 19. Bd3 Qb6 20. f3 Bxd4 21. Qb3 Be3+ 22. Kb1 Bxg5 23. Qxb6 axb6 24. hxg5 g3 25. Rh4 e5 26. Re1 Rfe8 27. Bb5 Re7 28. f4 e4 29. f5 Rec7 30. Ba4 Ra8 31. Bb3 Ra5 32. fxg6 fxg6 33. Rhxe4 Rb5 34. Rg4 Rf7 35. c4 Rc5 36. cxd5 Rd7 37. Rc1 Rxc1+ 38. Kxc1 Kf7 39. Re4 Rd6 40. Kd2 Ng7 41. Ke3 Nf5+ 42. Kf3 Kf8 43. Re6 Rxe6 44. dxe6 Nd4+ 45. Ke4 Nf5 46. Ke5 Ke7 47. a4 Ne3 48. Bd5 Nc2 49. Be4 Ne3 50. b3 Ng4+ 51. Kf4 Nf2 52. Bxg6 Kxe6 53. Kxg3 Nd1 54. Kf4 Nf2 55. Bf5+ Kf7 56. Ke5 Nd1 57. g6+ Kg7 58. Kd6 Kf6 59. Bd3 Nf2 60. Bc2 Ng4 61. Kc6 Ne3 62. Be4 Ke6 63. Kxb6 Ng4 64. a5 Ne5 65. a6 Nd7+ 66. Kc7 Nc5 67. a7 Na6+ 68. Kb6 Nb4 69. a8=Q Ke5 70. Qa5+ Ke6 71. Qxb4 Ke5 72. Qb5+ Kd6 73. Qc6+ Ke5 74. Qd7 Kf4 75. Bb1 Kg3 76. Qf7 Kh2 77. Kc5 Kh1 78. Kd4 Kh2 79. Ke3 Kg3 80. Qf4+ Kxg2 81. Be4+ 1-0

[Event "Lilla Elite Hotels Open 2019"]
[Site "Vaxjo"]
[Date "2019.02.10"]
[Round "7.3"]
[White "Muntean, Adrian"]
[Black "Alfredsson, Daniel"]
[Result "0-1"]
[ECO "B22"]
[WhiteElo "1402"]
[BlackElo "1455"]
[Annotator "NA"]
[PlyCount "50"]
[EventDate "2019.02.08"]
[EventType "swiss"]
[EventCountry "SWE"]
[SourceTitle "playchess.com"]
[Source "ChessBase"]
[SourceQuality "1"]
[TimeControl "5400+30"]

1. e4 c5 2. c3 d5 3. exd5 Qxd5 4. d4 cxd4 5. cxd4 Nc6 6. Nf3 Bg4 7. Be2 e6 8. Nc3 Qa5 9. a3 Nf6 10. O-O Be7 11. Be3 O-O 12. Qc2 Rac8 13. b4 Qc7 14. Ne4 Nxd4 15. Nxf6+ Bxf6 16. Qd3 Nxe2+ 17. Qxe2 Bxa1 18. Rxa1 Qc4 19. Qb2 Bxf3 20. gxf3 Qc3 21. Qa2 Qc2 22. Bxa7 Rfd8 23. a4 Rd1+ 24. Kg2 Qg6+ 25. Kh3 Rd5 0-1

[Event "Lilla Elite Hotels Open 2019"]
[Site "Vaxjo"]
[Date "2019.02.10"]
[Round "7.4"]
[White "Johansson, Stina"]
[Black "Johansson, Jan"]
[Result "1/2-1/2"]
[ECO "B20"]
[WhiteElo "1441"]
[BlackElo "2344"]
[Annotator "NA"]
[PlyCount "85"]
[EventDate "2019.02.08"]
[EventType "swiss"]
[EventCountry "SWE"]
[SourceTitle "playchess.com"]
[Source "ChessBase"]
[SourceQuality "1"]
[TimeControl "5400+30"]

1. e4 c5 2. Bc4 d6 3. d3 Nf6 4. Nc3 g6 5. Nf3 Bg7 6. Ng5 O-O 7. h4 h5 8. f3 Nbd7 9. g4 Ne5 10. gxh5 Nxh5 11. Bb3 e6 12. Be3 Nc6 13. Qd2 Nd4 14. Bc4 Qxg5 15. hxg5 Nxf3+ 16. Ke2 Nxd2 17. Kxd2 a6 18. Rad1 b5 19. Bb3 Bd7 20. Kc1 a5 21. a3 a4 22. Ba2 b4 23. axb4 cxb4 24. Ne2 Rfc8 25. Kb1 Rc7 26. Nf4 Nxf4 27. Bxf4 Rc6 28. d4 a3 29. Rh2 axb2 30. Kxb2 Rca6 31. Bc4 Rb6 32. e5 d5 33. Bb3 Rba6 34. Bd2 Rb6 35. Rf1 Bb5 36. Rf3 Bc4 37. Rhf2 Ra7 38. Rh2 Bf8 39. Rfh3 Bg7 40. Rh1 Bxb3 41. Rxb3 Bf8 42. Rbh3 Bg7 43. Rb3 1/2-1/2

[Event "Lilla Elite Hotels Open 2019"]
[Site "Vaxjo"]
[Date "2019.02.10"]
[Round "8.1"]
[White "Alfredsson, Daniel"]
[Black "Wennerlund, Elias"]
[Result "0-1"]
[ECO "A30"]
[WhiteElo "1455"]
[BlackElo "1494"]
[Annotator "NA"]
[PlyCount "68"]
[EventDate "2019.02.08"]
[EventType "swiss"]
[EventCountry "SWE"]
[SourceTitle "playchess.com"]
[Source "ChessBase"]
[SourceQuality "1"]
[TimeControl "5400+30"]

1. c4 c5 2. g3 Nc6 3. Nf3 e5 4. Nc3 d6 5. d3 a6 6. Bg2 Be7 7. e3 f5 8. O-O Nf6 9. d4 e4 10. Ne1 O-O 11. Nc2 Bd7 12. b3 Rb8 13. Bb2 b5 14. cxb5 axb5 15. dxc5 dxc5 16. Nd5 Be6 17. Nxf6+ Bxf6 18. Bxf6 Qxf6 19. Qd6 Ne5 20. Rfd1 Nd3 21. Bf1 Rfd8 22. Qc6 Qe7 23. Ne1 Rd6 24. Qxd6 Qxd6 25. Nxd3 exd3 26. Bxd3 Qc6 27. Rd2 c4 28. bxc4 bxc4 29. Rc1 Qd6 30. Bxf5 Qxd2 31. Bxe6+ Kf8 32. Rxc4 Ke7 33. Bf5 Kf6 34. Rf4 Ke5 0-1

[Event "Lilla Elite Hotels Open 2019"]
[Site "Vaxjo"]
[Date "2019.02.10"]
[Round "8.2"]
[White "Nabbing, Oscar"]
[Black "Petersson, David"]
[Result "1/2-1/2"]
[ECO "C25"]
[WhiteElo "1456"]
[BlackElo "1465"]
[Annotator "NA"]
[PlyCount "63"]
[EventDate "2019.02.08"]
[EventType "swiss"]
[EventCountry "SWE"]
[SourceTitle "playchess.com"]
[Source "ChessBase"]
[SourceQuality "1"]
[TimeControl "5400+30"]

1. e4 e5 2. Nc3 Bc5 3. f4 d6 4. Nf3 Bg4 5. Bc4 Nc6 6. Bb5 Nge7 7. h3 Bxf3 8. Qxf3 a6 9. Bxc6+ Nxc6 10. Ne2 Qf6 11. d3 Nd4 12. Nxd4 Bxd4 13. fxe5 Qxf3 14. gxf3 dxe5 15. c3 Ba7 16. Ke2 O-O-O 17. f4 f6 18. fxe5 fxe5 19. Be3 Bxe3 20. Kxe3 c5 21. Rac1 Kd7 22. Rcf1 Rhf8 23. Rf5 Ke6 24. Rhf1 Rxf5 25. Rxf5 g6 26. Rf1 h6 27. Rg1 Kf6 28. Rd1 b6 29. Rc1 Rc8 30. Rf1+ Ke6 31. a3 a5 32. Rg1 1/2-1/2

[Event "Lilla Elite Hotels Open 2019"]
[Site "Vaxjo"]
[Date "2019.02.10"]
[Round "8.3"]
[White "Seo, Jung Hyun"]
[Black "Nilsson, Hannes"]
[Result "0-1"]
[ECO "C19"]
[WhiteElo "1534"]
[BlackElo "1495"]
[Annotator "NA"]
[PlyCount "80"]
[EventDate "2019.02.08"]
[EventType "swiss"]
[EventCountry "SWE"]
[SourceTitle "playchess.com"]
[Source "ChessBase"]
[SourceQuality "1"]
[TimeControl "5400+30"]

1. e4 e6 2. d4 d5 3. Nc3 Bb4 4. e5 c5 5. a3 Bxc3+ 6. bxc3 Ne7 7. Nf3 Nbc6 8. Be3 cxd4 9. cxd4 O-O 10. Bd3 h6 11. O-O Bd7 12. Qd2 f5 13. c3 Rc8 14. Rab1 Na5 15. Qc2 Qc7 16. Rfc1 a6 17. Qb2 b5 18. Rc2 Nc4 19. Bxc4 dxc4 20. Qc1 Bc6 21. Ne1 Nd5 22. f3 Qf7 23. Bd2 f4 24. g3 fxg3 25. hxg3 Ne7 26. f4 Qg6 27. Be3 Qxg3+ 28. Ng2 Nf5 29. Re2 Nh4 30. Rbb2 Nxg2 31. Rxg2 Bxg2 32. Rxg2 Qh3 33. Bd2 Rf5 34. Qf1 Rh5 35. Kf2 Qd3 36. Qd1 Rh3 37. Kg1 Rf8 38. Qe1 Rf5 39. Kf2 Qf3+ 40. Kg1 Rfh5 0-1

[Event "Lilla Elite Hotels Open 2019"]
[Site "Vaxjo"]
[Date "2019.02.10"]
[Round "8.4"]
[White "Mossblad, Edvin"]
[Black "Johansson, Stina"]
[Result "1-0"]
[ECO "A28"]
[WhiteElo "1494"]
[BlackElo "1441"]
[Annotator "NA"]
[PlyCount "127"]
[EventDate "2019.02.08"]
[EventType "swiss"]
[EventCountry "SWE"]
[SourceTitle "playchess.com"]
[Source "ChessBase"]
[SourceQuality "1"]
[TimeControl "5400+30"]

1. c4 e5 2. Nc3 Nf6 3. Nf3 Nc6 4. e3 Bb4 5. Qc2 d6 6. d3 Bg4 7. Be2 Qd7 8. Bd2 d5 9. cxd5 Nxd5 10. O-O O-O-O 11. h3 Bxf3 12. Bxf3 Nxc3 13. Bxc3 Qxd3 14. Qxd3 Rxd3 15. Bxc6 Bxc3 16. Be4 Bxb2 17. Bxd3 Bxa1 18. Rxa1 Rd8 19. Bc4 f5 20. Be6+ Kb8 21. Bxf5 h6 22. a4 c5 23. a5 Rd6 24. Rc1 b6 25. axb6 axb6 26. Be4 Rd7 27. Bc6 Rc7 28. Bb5 g5 29. Rd1 c4 30. Rc1 c3 31. Kf1 Rc5 32. Ba4 Ka7 33. Ke2 Ka6 34. Kd3 Ka5 35. Be8 Kb4 36. Kc2 b5 37. Rb1+ Ka5 38. Rxb5+ Rxb5 39. Bxb5 Kxb5 40. Kxc3 Kc5 41. Kd3 Kd5 42. f3 h5 43. g3 h4 44. gxh4 gxh4 45. f4 exf4 46. exf4 Ke6 47. Ke4 Kf6 48. f5 Kf7 49. Kf4 Kf6 50. Kg4 Ke5 51. Kg5 Ke4 52. f6 Kf3 53. f7 Kg3 54. f8=Q Kxh3 55. Qh6 Kg2 56. Qxh4 Kf3 57. Qf4+ Ke2 58. Qg3 Kd2 59. Kf4 Kc2 60. Ke4 Kb2 61. Kd4 Ka2 62. Qb8 Ka1 63. Kc3 Ka2 64. Qb2# 1-0